 Dungeon Crawl Stone Soup version 0.19.5 (webtiles) character file.

224 equalderp2856 the Sneak (level 5, -3/22 HPs)
             Began as a Felid Ice Elementalist on Apr 1, 2017.
             Slain by a bullfrog (5 damage)
             ... in a sewer.
             The game lasted 00:15:32 (5853 turns).

equalderp2856 the Sneak (Felid Ice Elementalist)    Turns: 5853, Time: 00:15:33

Health: -3/22      AC:  1    Str:  5    XL:     5   Next: 67%
Magic:  4/9        EV: 19    Int: 17    God:
Gold:   104        SH:  0    Dex: 16    Spells: 2 memorised, 5 levels left
                                        Lives:  0   Deaths: 1

rFire  . . .     SeeInvis +       - Unarmed
rCold  . . .     Gourm    .     (armour unavailable)
rNeg   . . .     Faith    .     (shield unavailable)
rPois  .         Spirit   .     (helmet unavailable)
rElec  .         Reflect  .     (cloak unavailable)
rCorr  .         Harm     .     (gloves unavailable)
MR     .....                    (boots unavailable)
Stlth  ++........               (no amulet)
                                (no ring)
                                (no ring)

@: very slightly contaminated, quick
A: no armour, no weapons or thrown items, stealth, claws 1, fangs 3, see
invisible, carnivore 3, speed 1, shaggy fur 1, slow metabolism 1, sharp paws
a: no special abilities


You were in a sewer.
You were completely stuffed.

You visited 1 branch of the dungeon, and saw 3 of its levels.
You also visited: Sewer.

You collected 104 gold pieces.

Inventory:

Jewellery
 i - an uncursed ring of see invisible {unknown}
Scrolls
 g - a scroll of enchant weapon
Potions
 e - a potion of degeneration {unknown}
 h - 2 potions of brilliance
 j - a potion of berserk rage {unknown}
 k - a potion of beneficial mutation {unknown}
 l - a potion of might {unknown}
Books
 a - a book of Frost

   Spells                             Type                      Level
   a - Freeze                         Ice                          1
   b - Throw Frost                    Conjuration/Ice              2
   c - Ozocubu's Armour               Charms/Ice                   3
   d - Throw Icicle                   Conjuration/Ice              4
   e - Summon Ice Beast               Ice/Summoning                4
Comestibles
 b - a meat ration
 f - a beef jerky


   Skills:
 * Level 1.3 Fighting
 * Level 3.7 Dodging
 * Level 6.2 Stealth
 * Level 2.8 Unarmed Combat
 - Level 2.0 Spellcasting
 * Level 1.8 Conjurations
 - Level 2.6 Ice Magic


You had 5 spell levels left.
You knew the following spells:

 Your Spells              Type           Power        Failure   Level  Hunger
a - Freeze                Ice            ##..         10%         1    #......
b - Throw Frost           Conj/Ice       #.....       14%         2    ###....


Dungeon Overview and Level Annotations

Branches:
Dungeon (3/15)

Altars:
The Shining One


Innate Abilities, Weirdness & Mutations

You cannot wear armour.
You are incapable of wielding weapons or throwing items.
Your paws allow you to move quietly. (Stealth)
You have sharp claws.
You have razor-sharp teeth.
You have supernaturally acute eyesight. (SInv)
You are carnivorous and can eat meat at any time.
You cover ground quickly.
You are covered in fur. (AC +1)
You have a slow metabolism.
Your sharp claws are effective at attacking unaware monsters.


Message History

Casting: Freeze
Confirm with . or Enter, or press ? or * to list all spells.
Aiming: Freeze
Press: ? - help, Shift-Dir - straight line, f - bullfrog, p - bullfrog
Aim: a bullfrog You freeze the bullfrog.
The bullfrog seems to slow down.
The bullfrog is lightly wounded.
The bullfrog hits you. x2
* * * LOW HITPOINT WARNING * * *
You enter the shallow water.
Moving in this stuff is going to be slow.
The bullfrog is no longer moving slowly.
The bullfrog hits you.
* * * LOW HITPOINT WARNING * * *
The bullfrog closely misses you.
The bullfrog is no longer moving slowly.
The bullfrog hits you.
* * * LOW HITPOINT WARNING * * *
The bullfrog hits you.
You die...

############# #####.≈≈.≈.≈≈≈≈≈#
###.∩..≈≈≈≈≈≈≈≈≈≈≈#
##≈...≈#########≈≈≈#
#∩≈.####≈†.≈≈≈≈≈≈≈≈####
#####≈≈≈≈#####≈≈†.≈#.≈##
##≈≈≈≈≈≈≈#≈∩≈#######≈.≈####
##≈≈.≈≈####≈≈@F≈≈..#≈≈≈≈≈≈.##
##≈≈≈≈###≈≈≈≈≈≈F≈..†##≈.#.≈≈≈##
#≈≈≈.##≈≈≈≈≈#######†≈#≈≈##≈≈≈≈#
##≈≈.##.≈≈≈###≈≈≈.≈#≈≈##≈≈##≈≈≈#
#≈..÷#≈≈≈.## ≈≈.≈≈≈≈.≈≈#...#.≈≈.
#≈≈.##≈.≈## ≈≈≈≈≈≈.≈≈≈#≈≈.##.≈≈
#≈.≈#≈≈.≈# ≈≈.≈≈)≈≈.≈#≈≈≈≈#≈..
#≈≈.#≈≈≈≈# ≈≈≈..[...≈#≈≈≈≈#≈≈.
#≈.≈#≈≈≈≈# ≈≈.($?.≈≈≈#.≈≈.#≈≈.


You could see 2 bullfrogs.

Vanquished Creatures
  8 adders
  A gnoll (D:2)
  13 oozes (Sewer)
  An adder zombie (D:3)
  A dart slug (D:1)
  12 leopard geckos
  21 giant cockroaches
  2 goblins (D:1)
  10 hobgoblins
  4 jackals
  11 kobolds
  A quokka (D:2)
  10 ball pythons
  8 bats
  12 frilled lizards
  2 rats (D:1)
117 creatures vanquished.

Notes
Turn   | Place    | Note
-------+----------+-------------------------------------------
     0 | D:1      | equalderp2856 the Felid Ice Elementalist began the quest for the Orb.
     0 | D:1      | Reached XP level 1. HP: 7/7 MP: 4/4
   231 | D:1      | Reached skill level 3 in Stealth
   235 | D:1      | Reached skill level 1 in Unarmed Combat
   363 | D:1      | Reached XP level 2. HP: 12/12 MP: 6/6
  1227 | D:1      | Reached skill level 4 in Stealth
  1573 | D:2      | Reached XP level 3. HP: 15/15 MP: 3/7
  1748 | D:2      | Learned a level 2 spell: Throw Frost
  2279 | D:2      | Found a glowing golden altar of the Shining One.
  2330 | D:2      | Reached skill level 1 in Conjurations
  2485 | D:2      | Reached XP level 4. HP: 14/18 MP: 0/8
  2823 | D:1      | Slain by a gnoll
  2824 | D:1      | Reached XP level 3. HP: -4/15 MP: 0/7
  3173 | D:3      | Reached skill level 5 in Stealth
  3467 | D:3      | Found a glowing drain.
  3538 | Sewer    | Entered a sewer
  3579 | Sewer    | Reached XP level 4. HP: 18/18 MP: 6/8
  3713 | Sewer    | Reached skill level 1 in Fighting
  4484 | Sewer    | Reached XP level 5. HP: 22/22 MP: 0/9
  5265 | Sewer    | Reached skill level 6 in Stealth
  5853 | Sewer    | Slain by a bullfrog

Skill      XL: |  1  2  3  4  5 |
---------------+----------------+-----
Stealth        | 3 4 5 6 |  6.2
Unarmed Combat | 1 2 |  2.8
Dodging        | 3 |  3.7
Conjurations   | 1 |  1.8
Fighting       | 1 |  1.3
Spellcasting   | |  2.0
Ice Magic      | |  2.6

Action                   |  1- 3 |  4- 6 || total
-------------------------+-------+-------++-------
Melee: Unarmed           |    60 |    53 ||   113
       Bite              |     5 |     4 ||     9
 Cast: Freeze            |    53 |    80 ||   133
       Throw Frost       |    15 |    43 ||    58
  Use: Scroll            |       |     4 ||     4
 Stab: Sleeping          |    12 |     1 ||    13
  Eat: Chunk             |     6 |    16 ||    22
Armor: Skin              |     8 |     8 ||    16
Dodge: Dodged            |    75 |   122 ||   197
